 Dungeon Crawl Stone Soup version 0.30-a0-176-gdd20fb75b6 (webtiles) character file.

Game seed: 4668488429304939970

9993 Angani the Arsonist (level 12, -2/81 HPs)
             Began as a Meteoran Fire Elementalist on Oct 1, 2022.
             Was an Elder of Vehumet.
             Shot with an arrow by a centaur warrior (15 damage)
             ... on level 11 of the Dungeon on Oct 2, 2022.
             The game lasted 00:37:57 (3998 turns).

Angani the Arsonist (Meteoran Fire Elementalist)    Turns: 3998, Time: 00:37:57

Health: -2/81      AC: 11    Str: 10    XL:     12   Next: 13%
Magic:  36/38      EV: 12    Int: 21    God:    Vehumet [****..]
Gold:   461        SH:  0    Dex: 16    Spells: 13/35 levels left

rFire   . . .      SeeInvis .    A - staff of poison
rCold   + . .      Faith    +    (no shield)
rNeg    . . .      Spirit   .    t - +1 robe {rC+}
rPois   +          Reflect  .    y - +1 helmet
rElec   .          Harm     .    (no cloak)
rCorr   .          Rampage  .    (no gloves)
Will    +....                    e - +2 pair of boots
Stlth   +.........               x - amulet of faith
HPRegen 0.33/turn                l - +4 ring of protection
MPRegen 0.26/turn                z - ring of magical power

@: glowing
A: sense surroundings 2, otherworldly, glowing, explore regen, deformed body,
poison resistance
a: Renounce Religion


You were on level 11 of the Dungeon.
You worshipped Vehumet.
Vehumet was greatly pleased with you.
You visited 3 branches of the dungeon, and saw 13 of its levels.

You collected 461 gold pieces.

Inventory:

Armour
 e - a +2 pair of boots (worn)
 t - a +1 robe of cold resistance (worn)
 w - a +1 robe of positive energy
 y - a +1 helmet (worn)
Magical Staves
 A - a staff of poison (weapon)
Jewellery
 f - a +6 ring of strength
 l - a +4 ring of protection (left hand)
 m - a +4 ring of evasion
 x - an amulet of faith (around neck)
 z - a ring of magical power (right hand)
Wands
 s - a wand of paralysis (16)
 v - a wand of flame (13)
Scrolls
 a - 3 scrolls of fear
 j - a scroll of magic mapping
 o - a scroll of poison
 r - 5 scrolls of teleportation
 u - 5 scrolls of immolation
Potions
 b - 2 potions of magic
 c - 3 potions of curing
 d - 2 potions of might
 g - a potion of berserk rage
 h - a potion of invisibility {unknown}
 i - a potion of degeneration {unknown}
 k - a potion of flight {unknown}
 n - 2 potions of lignification {unknown}
 p - 2 potions of ambrosia
 q - 4 potions of haste {unknown}
Miscellaneous
 B - a box of beasts


   Skills:
 - Level 2.4 Dodging
 - Level 1.4 Stealth
 + Level 12.2 Spellcasting
 + Level 12.0 Conjurations
 - Level 2.6 Hexes
 - Level 2.5 Translocations
 + Level 12.4 Fire Magic
 - Level 2.6 Air Magic


You had 13 spell levels left.
You knew the following spells:

 Your Spells              Type           Power      Damage    Failure   Level
a - Foxfire               Conj/Fire      100%       2x1d9     1%          1
b - Scorch                Fire           100%       2d10      1%          2
c - Searing Ray           Conj           100%       2d8       1%          2
d - Inner Flame           Hex/Fire       44%        N/A       1%          3
e - Kindle Blastsparks    Fire/Tloc/Air  74%        2d16      1%          3
f - Flame Wave            Conj/Fire      59%        2d14      1%          4
g - Ignite Poison         Fire/Tmut/Pois 45%        N/A       1%          3
h - Sticky Flame          Conj/Fire      59%        2d7       1%          4

Your spell library contained the following spells:

 Spells                   Type           Power      Damage    Failure   Level
 Lightning Bolt           Conj/Air       21%        1d36      1%          5
 Magic Dart               Conj           100%       1d8       1%          1
 Sandblast                Erth           24%        2d8       1%          1
 Stone Arrow              Conj/Erth      76%        3d11      1%          3
 Fulminant Prism          Conj/Hex       21%        3d13      1%          4
 Passwall                 Tmut/Erth      10%        N/A       8%          2


Dungeon Overview and Level Annotations

Branches:
Dungeon (11/15) Zot: 2651  Temple (1/1) D:5 Zot: 552    Lair (1/5) D:10 Zot: 598
    Orc (0/2) D:10

Altars:
Ashenzari
Cheibriados
Dithmenos
Elyvilon
Fedhas
Kikubaaqudgha
Makhleb
Nemelex Xobeh
Okawaru
Ru
Sif Muna
Trog
Uskayaw
Vehumet
Xom
Zin
The Shining One

Shops:
D:3 ?   D:7 [

Portals:
Trove: D:10 (give 5 scrolls of blinking)


Innate Abilities, Weirdness & Mutations

You passively map the area around you.
You are easily found by Zot.
You glow in the dark.
You regain HP and MP as you explore.
Armour fits poorly on your strangely shaped body.
Your system is resistant to poisons. (rPois)


Message History

You kill the troll!
Vehumet accepts your kill.
You feel your power returning. The concussive blast engulfs you!
You are knocked back by the blast.
There is an open door here.
Found a robe.
Found 12 gold pieces.
You see here a +0 robe.
You now have 461 gold pieces (gained 12).
There is a stone staircase leading down here.
You climb downwards.
There is a stone staircase leading up here.
Found 7 stones.
Found a stone staircase leading up.
You see here 7 stones.
There is a stone staircase leading up here.
Found an ancient bone altar of Kikubaaqudgha.
A centaur warrior comes into view.
The centaur warrior shouts!
Found 21 gold pieces.
The centaur warrior wields a +0 shortbow.
The centaur warrior shoots an arrow.
The arrow hits you!!
The centaur warrior shoots an arrow.
The arrow hits you!!
The centaur warrior shoots an arrow.
The arrow hits you!
Casting: Kindle Blastsparks (safe; 1% risk of failure)
Confirm with . or Enter, or press ? or * to list all spells.
A cloud of volatile blastsparks flares up around you!
Unknown command.
Casting: Kindle Blastsparks (safe; 1% risk of failure)
Confirm with . or Enter, or press ? or * to list all spells.
Flames lash the centaur warrior.
The centaur warrior is lightly wounded.
The centaur warrior's fire resistance burns away.
The centaur warrior shoots an arrow.
The arrow hits you!
* * * LOW HITPOINT WARNING * * *
The centaur warrior shoots an arrow.
The arrow hits you!
* * * LOW HITPOINT WARNING * * *
Unknown command.
Okay, then.
The centaur warrior shoots an arrow.
The arrow hits you!
You die...

* * * *, * ** * ,,
, ,..# , , ,* *
#.# , , **** #.#
#### #.# #.. , * *
* * #.# #.# ** ,.,
, #.# #<# * #. *
,* #.# #.# ##. *
#@# #.# , , *°...
#.# #.# * .....##
#.# #.# *,
.._c...###§#####.#
, ,,#...c.<..(..#
** * , ,
#..##########
*#.## * ... * ####


You could see a centaur warrior (combustible).

Vanquished Creatures
  Pikel (D:5)
  An unseen horror zombie (D:8)
  An unseen horror (D:10)
  2 trolls (D:10)
  Sigmund (D:6)
  3 wyverns
  24 yaks
  3 steam dragons
  A water moccasin (D:6)
  Duvessa (D:7)
  3 orc warriors
  4 black bears
  2 sky beasts (D:7)
  2 ogres
  5 centaurs
  2 kobold brigands
  4 necrophages
  A bullfrog (D:10)
  A gnoll sergeant (D:9)
  3 scorpions
  A wyvern zombie (D:8)
  5 wights (D:7)
  Dowan (D:7)
  4 killer bees (D:10)
  3 centaur zombies (D:8)
  7 jellies
  2 hounds
  A gnoll bouda (D:7)
  10 orc priests
  Jessica (D:2)
  2 iguanas (D:5)
  7 orc wizards
  A killer bee zombie (D:8)
  A howler monkey zombie (D:8)
  17 gnolls
  5 adders
  4 shadow imps
  A white imp (D:8)
  2 worms
  2 dart slugs
  39 orcs
  3 endoplasms
  5 giant cockroaches
  6 goblins
  6 hobgoblins
  9 jackals
  15 kobolds
  3 quokkas
  5 ball pythons
  3 bats
  A frilled lizard (D:1)
  3 rats
240 creatures vanquished.

Vanquished Creatures (collateral kills)
  A foxfire (D:8)
1 creature vanquished.

Vanquished Creatures (others)
  189 foxfires
  7 fungi (D:10)
  16 plants (D:10)
  2 withered plants (D:8)
214 creatures vanquished.

Grand Total: 455 creatures vanquished

Notes
Turn   | Place    | Note
-------+----------+-------------------------------------------
     0 | D:1      | Angani the Meteoran Fire Elementalist began the quest for
                  | the Orb.
     0 | D:1      | Reached XP level 1. HP: 14/14 MP: 5/5
    20 | D:1      | Reached XP level 2. HP: 15/20 MP: 1/6
    70 | D:1      | Learned a level 2 spell: Scorch
   234 | D:1      | Reached XP level 3. HP: 26/26 MP: 6/8
   497 | D:2      | Reached XP level 4. HP: 32/33 MP: 3/10
   618 | D:2      | Noticed Jessica
   623 | D:2      | Killed Jessica
   624 | D:2      | Reached XP level 5. HP: 38/38 MP: 9/11
   725 | D:3      | Found a blossoming altar of Fedhas.
   811 | D:3      | Found Asaofru's Magic Scroll Shop.
   926 | D:3      | Reached skill level 5 in Fire Magic
   935 | D:3      | Reached XP level 6. HP: 12/45 MP: 7/13
   993 | D:4      | Gained mutation: You expend magic power (3 MP) to
                  | strengthen your wands. [potion of mutation]
   993 | D:4      | Gained mutation: You do not regenerate when monsters are
                  | visible. [potion of mutation]
   994 | D:4      | Upgraded the game from 0.30-a0-170-g85af917532 to
                  | 0.30-a0-176-gdd20fb75b6
  1056 | D:4      | Reached skill level 5 in Spellcasting
  1091 | D:4      | Reached XP level 7. HP: 48/50 MP: 10/15
  1239 | D:4      | Found a sacrificial altar of Ru.
  1264 | D:4      | Lost mutation: You do not regenerate when monsters are
                  | visible. [potion of mutation]
  1264 | D:4      | Lost mutation: You expend magic power (3 MP) to strengthen
                  | your wands. [potion of mutation]
  1264 | D:4      | Gained mutation: You are partially covered in iridescent
                  | scales. (AC +2) [potion of mutation]
  1264 | D:4      | Gained mutation: You occasionally lose the ability to drink
                  | potions when taking damage. [potion of mutation]
  1264 | D:4      | Gained mutation: You are agile. (Dex +4, Str/Int -1)
                  | [potion of mutation]
  1294 | D:5      | Entered Level 5 of the Dungeon
  1299 | D:5      | Learned a level 2 spell: Searing Ray
  1303 | D:5      | Learned a level 3 spell: Inner Flame
  1307 | D:5      | Learned a level 3 spell: Kindle Blastsparks
  1312 | D:5      | Learned a level 4 spell: Flame Wave
  1377 | D:5      | Noticed Pikel
  1394 | D:5      | Reached skill level 1 in Hexes
  1410 | D:5      | Killed Pikel
  1411 | D:5      | Reached skill level 5 in Conjurations
  1411 | D:5      | Reached XP level 8. HP: 32/57 MP: 1/18
  1544 | D:5      | Found a staircase to the Ecumenical Temple.
  1562 | Temple   | Entered the Ecumenical Temple
  1616 | D:5      | Gained mutation: You passively map the area around you.
                  | [Meteoran growth]
  1616 | D:5      | Reached XP level 9. HP: 62/62 MP: 1/19
  1647 | Temple   | Became a worshipper of Vehumet
  1998 | D:6      | Noticed Sigmund
  2007 | D:6      | Killed Sigmund
  2152 | D:6      | Reached * piety under Vehumet
  2152 | D:6      | Offered knowledge of Shock by Vehumet.
  2267 | D:7      | Found Vackegroucs's Armour Shop.
  2372 | D:7      | Noticed Duvessa
  2372 | D:7      | Noticed Dowan
  2377 | D:7      | Killed Dowan
  2379 | D:7      | Killed Duvessa
  2380 | D:7      | Reached XP level 10. HP: 32/69 MP: 11/23
  2384 | D:7      | Lost mutation: You are agile. (Dex +4, Str/Int -1) [potion
                  | of mutation]
  2384 | D:7      | Lost mutation: You are partially covered in iridescent
                  | scales. (AC +2) [potion of mutation]
  2384 | D:7      | Lost mutation: You occasionally lose the ability to drink
                  | potions when taking damage. [potion of mutation]
  2384 | D:7      | Gained mutation: Your system is resistant to poisons.
                  | (rPois) [potion of mutation]
  2384 | D:7      | Gained mutation: Armour fits poorly on your strangely
                  | shaped body. [potion of mutation]
  2650 | D:7      | Found a shimmering altar of Xom.
  2674 | D:7      | Reached ** piety under Vehumet
  2674 | D:7      | Offered knowledge of Poisonous Vapours by Vehumet.
  2715 | D:8      | Reached skill level 10 in Fire Magic
  2722 | D:8      | Reached skill level 10 in Spellcasting
  2823 | D:8      | Reached skill level 10 in Conjurations
  2823 | D:8      | Reached XP level 11. HP: 43/74 MP: 14/26
  2844 | D:8      | Offered knowledge of Ignite Poison by Vehumet.
  2876 | D:8      | Learned a level 3 spell: Ignite Poison
  2880 | D:8      | Found a shimmering blue altar of Sif Muna.
  3009 | D:8      | Reached *** piety under Vehumet
  3166 | D:8      | Found an iron altar of Okawaru.
  3218 | D:9      | Offered knowledge of Sticky Flame by Vehumet.
  3260 | D:9      | Found a burning altar of Makhleb.
  3302 | D:9      | Reached **** piety under Vehumet
  3333 | D:9      | Learned a level 4 spell: Sticky Flame
  3336 | D:9      | Found a glowing golden altar of the Shining One.
  3560 | D:10     | Entered Level 10 of the Dungeon
  3566 | D:10     | Offered knowledge of Lightning Bolt by Vehumet.
  3605 | D:10     | Found a staircase to the Lair.
  3699 | Lair:1   | Entered Level 1 of the Lair of Beasts
  3724 | D:10     | Found a portal to a secret trove of treasure.
  3759 | D:10     | Found a staircase to the Orcish Mines.
  3779 | D:10     | Reached XP level 12. HP: 67/81 MP: 29/29
  3897 | D:10     | Found a snail-covered altar of Cheibriados.
  3988 | D:11     | Found an ancient bone altar of Kikubaaqudgha.
  3989 | D:11     | Noticed a centaur warrior
  3998 | D:11     | Shot with an arrow by a centaur warrior

Illustrated notes

Levels and vault maps discovered:
D:1:      beargit_arrival_greenhouse, layout_basic,
          chequers_serial_rivers_room_b
D:2:      cheibrodos_old_hovel, layout_basic, kennysheep_generic_room_13,
          uniq_jessica
D:3:      layout_rooms, mainiacjoe_overflow_concentric_impassable, serial_shops,
          nicolae_diamond_shop
D:4:      cheibrodos_helix_gallery, layout_loops_ring,
          mainiacjoe_overflow_surrounded_room
D:5:      layout_basic, temple_fountains, uniq_pikel
D:6:      layout_loops_ring, uniq_sigmund
D:7:      layout_gridville, amcnicky_altar_gilded, serial_shops,
          nicolae_shop_stone, uniq_duvessa
D:8:      layout_basic, mainiacjoe_overflow_six_doors_small,
          kennysheep_okawaru_gauntlet, serial_undead, serial_undead_f,
          serial_undead_c, serial_undead_e, serial_undead_e, serial_undead_b,
          serial_undead_e, kennysheep_potato
D:9:      layout_basic, lemuel_doored_altar, mainiacjoe_overflow_chevrons
D:10:     layout_irregular_city, kennysheep_mini,
          grunt_lair_entry_orc_guard_hut, minmay_orc_entry_temple_small,
          nicolae_trove_entry_crossroad
D:11:     layout_loops_ring, nicolae_kikubaaqudgha_miasma_corner, uniq_erolcha,
          uniq_fannar
Temple:   nicolae_temple_bog_church
Lair:1:   layout_chaotic_city, grunt_megastairs_1, uniq_maggie, uniq_gastronok

Skill      XL: |  1  2  3  4  5  6  7  8  9 10 11 12 |
---------------+-------------------------------------+-----
Spellcasting   | 3 4 5 6 8 10 12 | 12.2
Fire Magic     | 4 5 6 7 8 10 12 | 12.4
Conjurations   | 2 3 4 5 6 8 10 11 12 | 12.0
Hexes          | 2 |  2.6
Translocations | 2 |  2.5
Air Magic      | 2 |  2.6
Dodging        | |  2.4
Stealth        | |  1.4

Action                   |  1- 3 |  4- 6 |  7- 9 | 10-12 || total
-------------------------+-------+-------+-------+-------++-------
Melee: Unarmed           |     6 |     7 |       |       ||    13
       Dagger            |       |    49 |    30 |    20 ||    99
       Punch             |       |     1 |     1 |       ||     2
       Staff             |       |       |       |     7 ||     7
 Cast: Foxfire           |    16 |    56 |    17 |    25 ||   114
       Scorch            |    12 |     2 |    33 |    48 ||    95
       Kindle Blastspark |       |       |     7 |     2 ||     9
       Flame Wave        |       |       |    16 |    33 ||    49
       Sticky Flame      |       |       |       |     3 ||     3
  Use: Scroll            |     3 |     2 |     9 |     3 ||    17
       Potion            |       |     2 |     5 |     2 ||     9
Armor: Robe              |     7 |    42 |    43 |    83 ||   175
Dodge: Dodged            |    13 |    59 |    59 |    92 ||   223

Table legend: (Time is in decaauts)
 A = Elapsed time spent in this place.
 B = Non-inter-level travel time spent in this place.
 C = Inter-level travel time spent in this place.
 D = Time resting spent in this place.
 E = Time spent auto-exploring this place.
 F = Levels seen in this place.
 G = Mean time per level.
                   A        B        C        D        E       F      G
               +--------+--------+--------+--------+--------+-----+--------+
         Total |   3996 |   3672 |    324 |      0 |      0 |  13 |  307.4 |
       Dungeon |   3947 |   3644 |    303 |      0 |      0 |  11 |  358.8 |
        Temple |     47 |     26 |     21 |      0 |      0 |   1 |   47.0 |
          Lair |      1 |      1 |      0 |      0 |      0 |   1 |    1.0 |
               +--------+--------+--------+--------+--------+-----+--------+

Top non-repeatable levels by time:
     D:7: 495 daAuts
     D:8: 472 daAuts
     D:6: 452 daAuts
    D:10: 415 daAuts
     D:5: 411 daAuts
     D:2: 396 daAuts
     D:9: 377 daAuts
     D:4: 309 daAuts
     D:3: 302 daAuts
     D:1: 292 daAuts
  Temple: 47 daAuts
    D:11: 21 daAuts
  Lair:1: 1 daAuts
